 Dungeon Crawl Stone Soup version 0.24.0-13-gcf9b319 (webtiles) character file.

Game seed: 266951834811022433, levelgen mode: deterministic

90 Bronimir the Stinger (level 4, -3/36 HPs)
             Began as a Naga Venom Mage on Mar 29, 2020.
             Killed by divine providence
             ... invoked by an orc priest
              (15 damage)
             ... on level 3 of the Dungeon.
             The game lasted 00:04:23 (2401 turns).

Bronimir the Stinger (Naga Venom Mage)              Turns: 2401, Time: 00:04:24

Health: -3/36      AC:  2    Str: 11    XL:     4   Next: 56%
Magic:  1/7        EV:  9    Int: 15    God:
Gold:   78         SH:  0    Dex: 12    Spells: 2/8 levels left

rFire    . . .     SeeInvis +   b - +0 hunting sling
rCold    . . .     Gourm    +   (no shield)
rNeg     . . .     Faith    .   q - +0 leather armour
rPois    +         Spirit   .   (no helmet)
rElec    .         Reflect  .   (no cloak)
rCorr    .         Harm     .   (no gloves)
MR       .....                  (no barding)
Stlth    ++........             j - amulet of the gourmand
HPRegen  0.12/turn              (no ring)
MPRegen  0.10/turn              (no ring)

@: very slow
A: large, see invisible, deformed body, poison resistance, slowness 2, slow
metabolism 1, spit poison 1, AC +1
a: Spit Poison


You were on level 3 of the Dungeon.
You were near starving.

You visited 1 branch of the dungeon, and saw 3 of its levels.

You collected 78 gold pieces.

Inventory:

Hand Weapons
 a - a +0 quarterstaff
 b - a +0 hunting sling (weapon)
 d - a cursed -1 dagger
 z - a +0 hand axe
Missiles
 e - 156 stones
 m - 10 sling bullets (quivered)
 y - 22 bolts
Armour
 q - a +0 leather armour (worn)
 w - a +0 ring mail
 x - a +0 robe
Jewellery
 j - an amulet of the gourmand (around neck)
 v - a +3 amulet of reflection {unknown}
Scrolls
 h - a scroll of fear {unknown}
 k - 4 scrolls of magic mapping {unknown}
 l - a scroll of blinking {unknown}
 n - 3 scrolls of identify {unknown}
 o - 2 scrolls of remove curse {unknown}
 p - a scroll of immolation {unknown}
 t - a scroll of amnesia {unknown}
Potions
 g - 3 potions of haste {unknown}
 i - a potion of might {unknown}
 r - 2 potions of curing {unknown}
 s - a potion of lignification {unknown}
 u - 2 potions of flight {unknown}
Comestibles
 c - 7 rations


   Skills:
 + Level 0.3 Fighting
 + Level 1.5 Slings
 * Level 0.2 Armour
 + Level 1.9 Dodging
 - Level 3.0 Stealth
 * Level 2.5 Spellcasting
 * Level 1.4 Conjurations
 * Level 5.0 Poison Magic


You had 2 spell levels left.
You knew the following spells:

 Your Spells              Type           Power        Failure   Level  Hunger
a - Sting                 Conj/Pois      ##..         8%          1    #......
b - Poisonous Vapours     Pois/Air       #.....       14%         2    ###....
c - Mephitic Cloud        Conj/Pois/Air  #.......     34%         3    ###....

Your spell library contained the following spells:

 Spells                   Type           Power        Failure   Level  Hunger
 Olgreb's Toxic Radiance  Pois           ###.....     34%         4    #####..
 Venom Bolt               Conj/Pois      ##........   90%         5    ######.


Dungeon Overview and Level Annotations

Branches:
Dungeon (3/15)

Altars:


Innate Abilities, Weirdness & Mutations

You cannot wear boots.
Your serpentine skin is tough. (AC +1)
You have supernaturally acute eyesight. (SInv)
Armour fits poorly on your strangely shaped body.
Your system is resistant to poisons. (rPois)
You cover ground very slowly.
You have a slow metabolism.
You can spit poison.


Message History

The orc priest calls upon Beogh to heal the orc.
The orc's wounds heal themselves!
The orc barely misses you.
The orc closely misses the orc priest.
Casting: Sting (safe; 8% risk of failure)
Confirm with . or Enter, or press ? or * to list all spells.
Aiming: Sting (safe; 8% risk of failure)
Press: ? - help, Shift-Dir - straight line, f/p - orc priest
Aim: an orc priest, wielding a +0 flail (severely wounded, poisoned)
The sting misses the orc priest.
The sting hits the orc.
The orc looks even sicker.
The orc is almost dead.
You have got your breath back.
You kill the orc!
The orc priest hits you with a +0 flail.
The orc hits you but does no damage. The crimson imp barely misses you.
As you read the scroll labeled PURREG WIVAI, it crumbles to dust.
The scroll dissolves into smoke.
It was a scroll of fog.
The orc priest calls down the wrath of Beogh upon you.
Beogh smites you!
You die...

...........####.###.#........
.######....####.# #.#####.###
#..........#.# #.......# #
#.....^....#.# ######### #
#..........#.####### #
#..................# #
#.......§..........#######
#.......5§§§..............
####.#..§@#........#######
..###'oo###.............
####⌠.§.o. ##.....#######
#.....(.. ##....# #...K...os.
##...# ....r....... ##..#
............. ##.#
.....###...... ###


You could see an orc priest, a crimson imp, 3 orcs, a giant cockroach, a kobold
and a rat.

Vanquished Creatures
  Robin (D:2)
  3 adders
  A worm (D:2)
  2 leopard geckos
  2 orcs (D:3)
  2 giant cockroaches
  13 goblins
  2 hobgoblins
  3 kobolds (D:2)
  2 ball pythons
  6 bats
  4 frilled lizards
  5 rats
46 creatures vanquished.

Notes
Turn   | Place    | Note
-------+----------+-------------------------------------------
     0 | D:1      | Bronimir the Naga Venom Mage began the quest for the Orb.
     0 | D:1      | Reached XP level 1. HP: 15/15 MP: 3/3
   162 | D:1      | Reached XP level 2. HP: 22/22 MP: 5/5
   182 | D:1      | Learned a level 2 spell: Poisonous Vapours
  1055 | D:2      | Noticed Robin
  1058 | D:2      | Reached XP level 3. HP: 24/28 MP: 6/6
  1063 | D:2      | Killed Robin
  1301 | D:2      | Learned a level 3 spell: Mephitic Cloud
  1382 | D:2      | Reached skill level 5 in Poison Magic
  1478 | D:2      | Reached skill level 1 in Slings
  1478 | D:2      | Reached XP level 4. HP: 26/36 MP: 4/7
  2401 | D:3      | Killed from afar by an orc priest

Levels and vault maps discovered:
D:1:      dpeg_arrival_yet_another_circle, layout_basic,
          chequers_serial_rivers_small_3
D:2:      layout_basic, uniq_robin
D:3:      layout_basic, first_ration, kennysheep_donut, lightli_corner_chamber

Skill      XL: |  1  2  3 |
---------------+----------+-----
Poison Magic   | 5 |  5.0
Slings         | 1 |  1.5
Fighting       | |  0.3
Armour         | |  0.2
Dodging        | |  1.9
Stealth        | |  3.0
Spellcasting   | |  2.5
Conjurations   | |  1.4

Action                   |  1- 3 |  4- 6 || total
-------------------------+-------+-------++-------
Melee: Quarterstaff      |       |     2 ||     2
 Fire: Hunting sling     |    42 |    45 ||    87
 Cast: Sting             |    14 |     6 ||    20
       Poisonous Vapours |     5 |     2 ||     7
       Mephitic Cloud    |       |     2 ||     2
 Abil: Spit Poison       |    13 |     3 ||    16
  Use: Scroll            |       |     1 ||     1
 Stab: Sleeping          |       |     1 ||     1
  Eat: Chunk             |     2 |     2 ||     4
Armor: Robe              |     8 |       ||     8
       Leather armour    |     1 |     8 ||     9
Dodge: Dodged            |    12 |    11 ||    23
